 Dungeon Crawl Stone Soup version 0.30-a0-165-g1891117ce2 (webtiles) character file.

Game seed: 9107153663333646130

5854 LnG the Covert (level 11, -3/62 HPs)
             Began as a Kobold Summoner on Sept 28, 2022.
             Was an Initiate of Yredelemnul.
             Slain by a yak (12 damage)
             ... on level 9 of the Dungeon.
             The game lasted 00:25:09 (11869 turns).

LnG the Covert (Kobold Summoner)                   Turns: 11869, Time: 00:25:10

Health: -3/62      AC:  8    Str:  5    XL:     11   Next: 7%
Magic:  2/21       EV: 18    Int: 21    God:    Yredelemnul [......]
Gold:   769        SH:  0    Dex: 16    Spells: 10/23 levels left

rFire   . . .      SeeInvis .    v - +1 dagger (speed)
rCold   . . .      Faith    .    (no shield)
rNeg    . . .      Spirit   .    a - +2 robe
rPois   .          Reflect  .    (no helmet)
rElec   .          Harm     .    F - scarf {+Inv}
rCorr   .          Rampage  .    z - +0 pair of gloves
Will    .....                    k - +2 pair of boots
Stlth   ++++++....               (no amulet)
HPRegen 0.20/turn                w - ring of wizardry
MPRegen 0.17/turn                (no ring)

@: no status effects
A: small, no large weapons, nightstalker 3
a: Renounce Religion, Evoke Invisibility, Recall Undead Harvest


You were on level 9 of the Dungeon.
You worshipped Yredelemnul.
Yredelemnul was noncommittal.
You visited 2 branches of the dungeon, and saw 10 of its levels.
You also visited: Ossuary.

You collected 769 gold pieces.

Inventory:

Hand Weapons
 c - a +1 short sword
 d - a +1 dagger of chaos
 v - a +1 dagger of speed (weapon)
Armour
 a - a +2 robe (worn)
 k - a +2 pair of boots (worn)
 z - a +0 pair of gloves (worn)
 F - a scarf of invisibility (worn)
Jewellery
 w - a ring of wizardry (left hand)
Wands
 g - a wand of roots (21)
 l - a wand of charming (23)
 y - a wand of quicksilver (6)
 A - a wand of mindburst (9)
 B - a wand of flame (16)
Scrolls
 h - a scroll of amnesia {unknown}
 j - a scroll of magic mapping
 n - 3 scrolls of butterflies
 o - 3 scrolls of enchant weapon
 q - a scroll of blinking
 u - 3 scrolls of noise
 C - a scroll of identify
 D - a scroll of teleportation {unknown}
 E - a scroll of fear {unknown}
 G - a scroll of immolation {unknown}
Potions
 b - 3 potions of magic
 e - 2 potions of lignification
 f - a potion of flight {unknown}
 i - a potion of berserk rage {unknown}
 m - a potion of degeneration {unknown}
 p - 2 potions of heal wounds {unknown}
 r - 3 potions of mutation {unknown}
 s - 2 potions of haste {unknown}
 t - a potion of curing
 x - a potion of might {unknown}


   Skills:
 + Level 4.3 Fighting
 + Level 8.1 Short Blades
 + Level 7.2 Dodging
 + Level 11.4 Stealth
 + Level 6.9 Spellcasting
 + Level 1.0 Hexes
 + Level 8.5 Summonings
 + Level 1.1 Air Magic


You had 10 spell levels left.
You knew the following spells:

 Your Spells              Type           Power      Damage    Failure   Level
a - Summon Small Mammal   Summ           100%       N/A       1%          1
b - Call Imp              Summ           43%        N/A       1%          2
c - Call Canine Familiar  Summ           43%        N/A       1%          3
d - Summon Guardian Gole  Hex/Summ       27%        N/A       1%          3
e - Summon Lightning Spi  Summ/Air       27%        N/A       4%          4

Your spell library contained the following spells:

 Spells                   Type           Power      Damage    Failure   Level
 Scorch                   Fire           14%        2d6       6%          2
 Dazzling Flash           Conj/Hex       18%        N/A       9%          3
 Hailstorm                Conj/Ice       7%         3d4       11%         3
 Summon Cactus Giant      Summ           21%        N/A       16%         6
 Flame Wave               Conj/Fire      7%         2d5       32%         4
 Ice Form                 Ice/Tmut       7%         N/A       32%         4
 Iskenderun's Mystic Bla  Conj/Tloc      7%         2d4       32%         4
 Starburst                Conj/Fire      3%         6d3       99%         6
 Haunt                    Necr/Summ      12%        N/A       99%         7
 Infestation              Necr           3%         N/A       100%        8
 Animate Dead             Necr           Unusable   N/A       N/A         4
 Simulacrum               Ice/Necr       Unusable   N/A       N/A         6

Dungeon Overview and Level Annotations

Branches:
Dungeon (9/15)             Temple (1/1) D:6         Ossuary (visited)
   Lair: D:8-11         Orc: D:9-12

Altars:
Ashenzari
Cheibriados
Dithmenos
Elyvilon
Fedhas
Gozag
Hepliaklqana
Kikubaaqudgha
Makhleb
Nemelex Xobeh
Okawaru
Qazlal
Ru
Sif Muna
Trog
Uskayaw
Vehumet
Wu Jian
Xom
Yredelemnul
Zin
The Shining One


Innate Abilities, Weirdness & Mutations

You are small and have problems with some larger weapons.
You are completely attuned to the shadows.


Message History

Your white imp hits the yak.
Your white imp freezes the yak.
Your kobold brigand zombie hits the yak.
Unknown command.
You hit the yak but do no damage.
The yak is almost dead.
The yak gores you. The yak barely misses you.
The yak closely misses your white imp.
Unknown command.
You hit the yak.
The yak is almost dead.
Your white imp hits the yak but does no damage.
Unknown command.
You hit the yak.
The yak is almost dead.
Your kobold brigand zombie hits the yak but does no damage.
Unknown command.
You hit the yak but do no damage.
The yak is almost dead.
The yak closely misses you. The yak gores you!
The yak closely misses your white imp.
Unknown command.
You barely miss the yak.
The yak is almost dead.
Your white imp gestures at the yak.
The puff of frost hits the yak.
Unknown command.
You hit the yak but do no damage.
The yak is almost dead.
Your kobold brigand zombie hits the yak but does no damage.
The yak misses you. The yak gores you!
* * * LOW HITPOINT WARNING * * *
The yak gores your white imp.
Unknown command.
You hit the yak.
You kill the yak!
Your white imp hits the yak but does no damage.
Unknown command.
The yak attacks as you move away! The yak gores you!
You die...
Your body rises from the dead as a mindless zombie.

ZZ..)# Z....# .....#
###### ...#
#######+###### ...#
....§........# ...#
....§........# ...#
.........5...# ##.#
.........ZY@.# ...#
..........Y..# ..Z#
##########...#
#'#############...#######
...ZZZ.......##...#.....#
.............##..Z#..#..#
........Z....##..Z#Z.#Z.#
..)......Z...##...ZZ.#..#
.#########..#######ZZ#..#


You could see 2 yaks, a friendly white imp (summoned) and a friendly kobold
brigand zombie.

Vanquished Creatures
  2 wyverns
  A shadow (D:9)
  3 yaks (D:9)
  A steam dragon (D:6)
  2 water moccasins
  An ice beast (D:7)
  3 orc warriors
  2 sky beasts
  2 ogres
  2 centaurs (D:8)
  2 phantoms
  3 kobold brigands
  3 bullfrogs
  A necrophage (D:6)
  2 scorpions
  5 howler monkeys
  4 hounds
  4 centaur zombies (Ossuary)
  An orc priest (D:8)
  3 orc wizards
  An iguana (D:6)
  2 mummies (Ossuary)
  4 adders
  A gnoll (D:7)
  A shadow imp (D:6)
  2 white imps
  A dart slug (D:3)
  27 orcs
  4 ball pythons
  2 endoplasms (D:3)
  2 giant cockroaches (D:3)
  5 goblins
  6 hobgoblins
  14 kobolds
  2 quokkas
  3 bats
  5 frilled lizards
  A hobgoblin zombie (Ossuary)
  3 rats
133 creatures vanquished.

Vanquished Creatures (collateral kills)
  A two-headed ogre (D:9)
  Grinder (D:5)
  Sigmund (D:5)
  A yak (D:9)
  A sky beast (D:7)
  2 orc warriors
  An ice beast (D:7)
  2 ogres (D:8)
  A kobold brigand (D:7)
  2 bullfrogs (D:6)
  A scorpion (D:5)
  An orc priest (D:8)
  A gnoll bouda (D:7)
  An iguana (D:4)
  5 orc wizards
  3 mummies (Ossuary)
  5 adders
  2 gnolls (D:7)
  A worm (D:2)
  9 orcs
  A giant cockroach (D:1)
  A hobgoblin (D:2)
  3 ball pythons
  A frilled lizard (D:2)
  2 hobgoblin zombies (Ossuary)
  4 kobolds
  A rat (D:2)
55 creatures vanquished.

Vanquished Creatures (others)
  An orc warrior (D:8)
  2 centaur zombies (D:8)
  4 howler monkey zombies (D:9)
  2 orcs (D:8)
  A gnoll zombie (D:7)
  6 kobold zombies
  16 orc zombies
  6 demonic plants (D:1)
  3 fungi (D:1)
  5 plants (D:1)
46 creatures vanquished.

Grand Total: 234 creatures vanquished

Notes
Turn   | Place    | Note
-------+----------+-------------------------------------------
     0 | D:1      | LnG the Kobold Summoner began the quest for the Orb.
     0 | D:1      | Reached XP level 1. HP: 10/10 MP: 3/3
   314 | D:1      | Reached XP level 2. HP: 12/15 MP: 1/5
   317 | D:1      | Learned a level 2 spell: Call Imp
   949 | D:1      | Found a faded altar of an unknown god.
  1116 | D:2      | Reached XP level 3. HP: 16/19 MP: 6/6
  1120 | D:2      | Learned a level 3 spell: Call Canine Familiar
  1199 | D:2      | Reached skill level 1 in Short Blades
  1824 | D:2      | Found a glowing golden altar of the Shining One.
  2215 | D:3      | HP: 1/20 [poisoned by an adder]
  2222 | D:3      | Reached skill level 3 in Stealth
  2222 | D:3      | Reached XP level 4. HP: 10/24 MP: 4/7
  2423 | D:3      | Identified the +0 leather armour of Spring Thaw {rN+}
  3288 | D:4      | Noticed a bullfrog
  3295 | D:4      | Killed a bullfrog
  3296 | D:4      | Reached skill level 1 in Fighting
  3296 | D:4      | Reached skill level 4 in Stealth
  3296 | D:4      | Reached XP level 5. HP: 22/29 MP: 4/8
  3861 | D:4      | Reached XP level 6. HP: 30/34 MP: 10/10
  4226 | D:4      | Learned a level 3 spell: Summon Guardian Golem
  4303 | D:5      | Entered Level 5 of the Dungeon
  4475 | D:5      | Noticed Grinder
  4480 | D:5      | Paralysed by Grinder for 5 turns
  4490 | D:5      | Paralysed by Grinder for 2 turns
  4491 | D:5      | Killed Grinder
  4492 | D:5      | Reached skill level 5 in Stealth
  4492 | D:5      | Reached skill level 5 in Summonings
  4492 | D:5      | Reached XP level 7. HP: 32/39 MP: 7/11
  4599 | D:5      | Noticed a water moccasin
  4601 | D:5      | Killed a water moccasin
  4602 | D:5      | Reached skill level 6 in Stealth
  4645 | D:5      | Noticed Sigmund
  4948 | D:4      | Reached XP level 8. HP: 21/44 MP: 4/13
  5416 | D:5      | Killed Sigmund
  5417 | D:5      | Reached skill level 7 in Stealth
  5738 | D:6      | Reached skill level 5 in Short Blades
  6009 | D:6      | Reached skill level 5 in Dodging
  6013 | D:6      | Reached skill level 8 in Stealth
  6013 | D:6      | Reached XP level 9. HP: 50/50 MP: 15/15
  6101 | D:6      | Learned a level 4 spell: Summon Lightning Spire
  6794 | D:6      | Found a staircase to the Ecumenical Temple.
  6800 | D:6      | Reached skill level 5 in Spellcasting
  6805 | Temple   | Entered the Ecumenical Temple
  7187 | Temple   | Became a worshipper of Yredelemnul the Dark
  7364 | D:7      | Reached skill level 9 in Stealth
  7547 | D:7      | Reached * piety under Yredelemnul
  7556 | D:7      | Found a sand-covered staircase.
  7561 | Ossuary  | Entered an ossuary
  8391 | D:7      | Reached ** piety under Yredelemnul
  8625 | D:7      | Reached *** piety under Yredelemnul
  8626 | D:7      | Reached XP level 10. HP: 30/55 MP: 14/18
  9146 | D:8      | Found a hazy altar of Hepliaklqana.
  9512 | D:8      | Reached skill level 10 in Stealth
 10843 | D:9      | Reached skill level 1 in Hexes
 11090 | D:9      | Noticed a two-headed ogre
 11104 | D:9      | Killed a two-headed ogre
 11255 | D:9      | Reached skill level 11 in Stealth
 11449 | D:9      | Reached skill level 1 in Air Magic
 11842 | D:9      | Reached XP level 11. HP: 59/61 MP: 0/21
 11869 | D:9      | Slain by a yak

Illustrated notes

Levels and vault maps discovered:
D:1:      minmay_arrival_doors, layout_basic, shapermc_ecumenical_altar_gd
D:2:      layout_rooms, basic_altar, chequers_big_river, minmay_small_reverse_x
D:3:      layout_loops_cross, minmay_misc_feat_ornament
D:4:      layout_loops_ring, grunt_ministairs_10
D:5:      layout_cave_pools, corner_web_ring, uniq_grinder, uniq_sigmund
D:6:      minmay_recursive_quarters, layout_basic,
          minmay_temple_entry_sparse_star
D:7:      layout_rooms, enter_ossuary_2, hangedman_abyss_or_decor_lesser_grid,
          minmay_misc_feat_tiny
D:8:      layout_loops_corners, mainiacjoe_overflow_alcove_4, special_room
          [special_room_orc]
D:9:      layout_stronghold
Temple:   roderic_octagonal_lattice_temple

Skill      XL: |  1  2  3  4  5  6  7  8  9 10 |
---------------+-------------------------------+-----
Short Blades   | 1 2 3 4 5 7 8 |  8.1
Dodging        | 3 4 5 6 7 |  7.2
Stealth        | 3 4 5 6 8 9 11 | 11.4
Fighting       | 1 2 3 4 |  4.3
Spellcasting   | 3 4 5 6 |  6.9
Summonings     | 5 6 7 8 |  8.5
Hexes          | 1 |  1.0
Air Magic      | 1 |  1.1

Action                   |  1- 3 |  4- 6 |  7- 9 | 10-12 || total
-------------------------+-------+-------+-------+-------++-------
Melee: Short sword       |    95 |    64 |       |       ||   159
       Punch             |     2 |     1 |     3 |     1 ||     7
       Dagger            |       |    17 |   240 |   186 ||   443
 Cast: Summon Small Mamm |     6 |     1 |       |       ||     7
       Call Imp          |     2 |     2 |     7 |    11 ||    22
       Call Canine Famil |     3 |     8 |    16 |    14 ||    41
       Summon Guardian G |       |       |     2 |     4 ||     6
       Summon Lightning  |       |       |     3 |     4 ||     7
  Use: Potion            |     2 |       |     3 |     1 ||     6
       Scroll            |     1 |       |     8 |     6 ||    15
 Stab: Sleeping          |     9 |    10 |    22 |    17 ||    58
       Distracted        |       |       |     3 |     3 ||     6
Armor: Robe              |    15 |    11 |    30 |    35 ||    91
Dodge: Dodged            |    70 |    47 |   170 |   110 ||   397

Table legend: (Time is in decaauts)
 A = Elapsed time spent in this place.
 B = Non-inter-level travel time spent in this place.
 C = Inter-level travel time spent in this place.
 D = Time resting spent in this place.
 E = Time spent auto-exploring this place.
 F = Levels seen in this place.
 G = Mean time per level.
                   A        B        C        D        E       F      G
               +--------+--------+--------+--------+--------+-----+--------+
         Total |  11701 |  11382 |    319 |   3388 |   6174 |  11 | 1063.7 |
       Dungeon |  11038 |  10769 |    269 |   3225 |   5845 |   9 | 1226.4 |
        Temple |    398 |    348 |     50 |      0 |    325 |   1 |  398.0 |
       Ossuary |    263 |    263 |      0 |    163 |      4 |   1 |  263.0 |
               +--------+--------+--------+--------+--------+-----+--------+

Top non-repeatable levels by time:
     D:8: 1627 daAuts
     D:6: 1375 daAuts
     D:7: 1369 daAuts
     D:4: 1187 daAuts
     D:3: 1169 daAuts
     D:9: 1133 daAuts
     D:1: 1104 daAuts
     D:5: 1058 daAuts
     D:2: 1013 daAuts
  Temple: 398 daAuts
 Ossuary: 263 daAuts
